 Dungeon Crawl Stone Soup version 0.19.0-20-gbc5f0c6 (webtiles) character file.

1341 Charly the Cleaver (level 8, 36/68 HPs)
             Began as a Deep Dwarf Berserker on Nov 16, 2016.
             Was a Believer of Trog.
             Quit the game on level 10 of the Dungeon.
             The game lasted 00:09:10 (980 turns).

Charly the Cleaver (Deep Dwarf Berserker)            Turns: 980, Time: 00:09:11

Health: 36/68      AC:  6    Str: 20      XL:     8   Next: 35%
Magic:  8/8        EV: 10    Int:  9      God:    Trog [**....]
Gold:   106        SH:  0    Dex:  7 (14) Spells: 0 memorised, 7 levels left

rFire  . . .     SeeInvis .     a - +0 hand axe (drain)
rCold  . . .     Gourm    .     k - +0 scale mail
rNeg   . . .     Faith    .     (no shield)
rPois  .         Spirit   .     (no helmet)
rElec  .         Reflect  .     (no cloak)
rCorr  .         Harm     .     (no gloves)
MR     +....                    (no boots)
Stlth  ..........               (no amulet)
                                (no ring)
                                (no ring)

@: non-regenerating
A: damage resistance, recharge devices, sense surroundings 1, slow regeneration
3
a: Device Recharging, Berserk, Trog's Hand, Burn Spellbooks, Renounce Religion


You were on level 10 of the Dungeon.
You worshipped Trog.
Trog was pleased with you.
You were not hungry.

You visited 1 branch of the dungeon, and saw 10 of its levels.

You collected 106 gold pieces.

Inventory:

Hand Weapons
 a - a +0 hand axe of draining (weapon)
 b - a +0 war axe
 j - a +0 flail of protection
Armour
 k - a +0 scale mail (worn)
Wands
 c - a wand of heal wounds (2/9)
Scrolls
 f - 2 scrolls of teleportation {unknown}
 g - a scroll of enchant weapon {unknown}
 i - a scroll of blinking {unknown}
 l - a scroll of amnesia {unknown}
 m - 2 scrolls of identify {unknown}
 n - 3 scrolls of remove curse {unknown}
 p - a scroll of enchant armour {unknown}
Potions
 e - a potion of cure mutation {unknown}
 h - a potion of degeneration {unknown}
 o - a potion of curing {unknown}
Comestibles
 d - a bread ration


   Skills:
 - Level 2.6 Fighting
 + Level 11.4 Axes
 - Level 2.1 Armour
 - Level 2.1 Dodging


You had 7 spell levels left.
You didn't know any spells.

Dungeon Overview and Level Annotations

Branches:
Dungeon (10/15)
 Temple: D:4-7         Lair: D:8-11         Orc: D:9-12

Altars:

Annotations:
D:5 Prince Ribbit


Innate Abilities, Weirdness & Mutations

You are resistant to damage.
You can recharge devices by infusing magical energy.
You passively map a small area around you.
You do not regenerate.


Message History

The quasit claws you but does no damage.
The quasit completely misses you.
You barely miss the quasit.
The quasit is almost dead.
The quasit barely misses you. The quasit closely misses you.
The quasit claws you but does no damage.
You barely miss the quasit.
The quasit is almost dead.
The quasit barely misses you.
The quasit claws you but does no damage. x2
You completely miss the quasit.
The quasit is almost dead.
The quasit closely misses you.
The quasit claws you but does no damage.
The quasit claws you.
You feel clumsy.
You hit the quasit.
You kill the quasit!
Trog accepts your kill.
Are you sure you want to abandon this character and quit the game? (Confirm with "yes".)

, ,#....# , ,
#....# + * ,,, ,
#....#
####+######....###
,
.................#
.................#
*
.................#
,
.................#
**
........@..........
####..<...........#
, #?..............
+ #...............
* #.............. ,
,,#..#######.... *,
+..* *... ,,#.. #..
, *


There were no monsters in sight!

Vanquished Creatures
  The ghost of glitchdot the Conjurer, an amateur OpCj of Ru (D:4)
  2 sky beasts
  3 ice beasts (D:5)
  An ogre (D:6)
  A centaur (D:5)
  A bullfrog (D:7)
  A scorpion (D:4)
  5 wights (D:9)
  A howler monkey (D:4)
  2 quasits
  2 hounds (D:6)
  An iguana (D:10)
  A worker ant (D:10)
  4 adders
  A shadow imp (D:7)
  A worm (D:4)
  A dart slug (D:1)
  5 orcs (D:5)
  2 bats (D:1)
  3 goblins (D:1)
  A hobgoblin (D:1)
  2 quokkas
  A ball python (D:1)
  A frilled lizard (D:2)
  2 kobolds
  4 rats
50 creatures vanquished.

Notes
Turn   | Place    | Note
-------+----------+-------------------------------------------
     0 | D:1      | Charly the Deep Dwarf Berserker began the quest for the Orb.
     0 | D:1      | Reached XP level 1. HP: 20/20 MP: 1/1
    38 | D:1      | Reached XP level 2. HP: 14/27 MP: 2/2
    63 | D:1      | Reached skill level 4 in Axes
   221 | D:4      | Reached XP level 3. HP: 25/33 MP: 3/3
   267 | D:4      | Reached skill level 5 in Axes
   267 | D:4      | Reached XP level 4. HP: 36/40 MP: 4/4
   361 | D:4      | Noticed glitchdot's ghost (amateur OpCj)
   370 | D:4      | Killed glitchdot's ghost
   370 | D:4      | Reached skill level 6 in Axes
   370 | D:4      | Reached XP level 5. HP: 28/46 MP: 5/5
   403 | D:4      | Reached skill level 7 in Axes
   444 | D:5      | Entered Level 5 of the Dungeon
   453 | D:5      | Noticed an ice beast
   458 | D:5      | Killed an ice beast
   458 | D:5      | Reached XP level 6. HP: 55/55 MP: 6/6
   459 | D:5      | Noticed Prince Ribbit
   509 | D:5      | Reached ** piety under Trog
   509 | D:5      | Reached skill level 8 in Axes
   567 | D:5      | Noticed an ice beast
   578 | D:5      | Killed an ice beast
   578 | D:5      | Reached XP level 7. HP: 61/61 MP: 7/7
   607 | D:5      | Reached skill level 9 in Axes
   758 | D:6      | Reached skill level 10 in Axes
   851 | D:8      | Reached XP level 8. HP: 32/68 MP: 8/8
   878 | D:9      | Reached skill level 11 in Axes
   933 | D:10     | Entered Level 10 of the Dungeon
   980 | D:10     | Quit the game

Skill      XL: |  1  2  3  4  5  6  7  8 |
---------------+-------------------------+-----
Axes           | 4 5 6 7 8 10 11 | 11.4
Fighting       | |  2.6
Armour         | |  2.1
Dodging        | |  2.1

Action                   |  1- 3 |  4- 6 |  7- 9 || total
-------------------------+-------+-------+-------++-------
Melee: Hand axe          |    61 |    24 |    82 ||   167
       War axe           |       |    19 |    21 ||    40
Invok: Berserk           |     2 |     5 |     4 ||    11
       Burn Spellbooks   |       |       |     2 ||     2
       Trog's Hand       |       |       |     1 ||     1
Evoke: Wand              |     1 |     1 |     1 ||     3
 Stab: Sleeping          |     2 |       |       ||     2
  Eat: Chunk             |       |     4 |     2 ||     6
       Bread ration      |       |       |     1 ||     1
Armor: Animal skin       |    12 |       |       ||    12
       Scale mail        |       |    22 |    66 ||    88
Dodge: Dodged            |    33 |    29 |    82 ||   144
